 Dungeon Crawl Stone Soup version 0.32-a0-893-gf85d74f360 (webtiles) character file.

Game seed: 3952084357659523222

63 Amaryllis the Conjurer (level 4, -7/23 HPs)
             Began as a Vine Stalker Reaver on Oct 5, 2022.
             Mangled by a gnoll
             ... wielding a +2 halberd of freezing
              (12 damage)
             ... on level 2 of the Dungeon on Apr 4, 2024.
             The game lasted 00:05:59 (915 turns).

Amaryllis the Conjurer (Vine Stalker Reaver)         Turns: 915, Time: 00:06:00

Health: -7/23      AC:  4    Str: 14    XL:     4   Next: 9%
Magic:  0/9        EV: 11    Int: 15    God:
Gold:   39         SH:  0    Dex: 13    Spells: 7/8 levels left

rFire   . . .        m - +0 dagger (speed)
rCold   . . .        (no shield)
rNeg    . . .        b - +0 leather armour
rPois   .            i - +0 helmet
rElec   .            (no cloak)
rCorr   .            (no gloves)
SInv    .            (no boots)
Will    .....        (no amulet)
Stlth   +            (no ring)
HPRegen 0.23/turn    (no ring)
MPRegen 0.11/turn

%: guardian spirit
@: no status effects
A: fangs 2, magic shield, antimagic bite, no potion heal 2
a: no special abilities


You were on level 2 of the Dungeon.
You visited 1 branch of the dungeon, and saw 2 of its levels.

You collected 39 gold pieces.

Inventory:

Hand Weapons
 a - a +0 short sword
 m - a +0 dagger of speed (weapon)
Armour
 b - a +0 leather armour (worn)
 i - a +0 helmet (worn)
Jewellery
 e - a ring of willpower
 f - a ring of willpower
Scrolls
 g - a scroll of blinking {unknown}
 k - 2 scrolls of teleportation {unknown}
 l - a scroll of identify {unknown}
Potions
 c - a potion of heal wounds {unknown}
 d - a potion of ambrosia {unknown}
 h - a potion of magic {unknown}
 j - 2 potions of might {unknown}


   Skills:
 + Level 2.3 Fighting
 + Level 3.1 Short Blades
 + Level 2.1 Dodging
 + Level 2.7 Spellcasting
 + Level 3.4 Conjurations


You had 7 spell levels left.
You knew the following spells:

 Your Spells              Type           Power      Damage    Failure   Level
a - Kiss of Death         Conj/Necr      28%        2d7       13%         1

Your spell library contained the following spells:

 Spells                   Type           Power      Damage    Failure   Level
 Sting                    Conj/Alch      28%        1d4       13%         1
 Momentum Strike          Conj/Tloc      14%        3d8       21%         2
 Mercury Vapours          Alch/Air       4%         N/A       36%         2
 Hailstorm                Conj/Ice       7%         3d5       36%         3
 Olgreb's Toxic Radiance  Alch           2%         N/A       95%         4


Dungeon Overview and Level Annotations

Branches:
Dungeon (2/15)

Altars:

Annotations:
D:2 Robin


Innate Abilities, Weirdness & Mutations

You have extremely sharp teeth.
When hurt, damage is shared between your health and your magic reserves.
Your bite disrupts and absorbs the magic of your enemies.
Potions cannot restore your health.


Message History

You feel invigorated.
The hobgoblin is severely wounded.
You hit the hobgoblin.
You kill the hobgoblin!
Robin throws the goblin at you! The goblin hits you with a +0 dagger.
You closely miss the goblin. You hit the goblin.
The goblin is heavily wounded.
The goblin hits you with a +0 dagger.
You miss the goblin. Your bite misses the goblin.
The goblin is heavily wounded.
The goblin barely misses you.
You hit the goblin.
You kill the goblin!
You barely miss the hobgoblin. The hobgoblin hits you.
The gnoll hits you but does no damage.
You barely miss the hobgoblin. You bite the hobgoblin. You drain its power.
You feel invigorated.
The hobgoblin is almost dead.
You hit the hobgoblin but do no damage. Your bite misses the hobgoblin.
The hobgoblin is almost dead.
The hobgoblin hits you. The gnoll misses you.
You hit the hobgoblin.
You kill the hobgoblin!
The goblin no longer looks unusually strong.
A goblin comes into view. It is wielding a +0 dagger.
The gnoll closely misses you.
An endoplasm comes into view.
The gnoll attacks as it pursues you!
The gnoll hits you from afar with a +2 halberd of freezing!
* * * LOW HITPOINT WARNING * * *
The gnoll freezes you.
* * * LOW HITPOINT WARNING * * *
The goblin shouts!
The endoplasm quivers.
You see here a goblin corpse.
The gnoll attacks as it pursues you!
The gnoll hits you from afar with a +2 halberd of freezing!
Ouch! That really hurt!
You die...

#.........##.## #.............
.#. #..........J###.#.
#............#....
#..........#.#..######
#.#.#.g)...........#
#..........#.......#
.......#.#J####....>..###
.....<.#g#.g.g.@........#
.......#g#..............########
.......#)#......................
.......#g#......................
......##g####.....##.......<....
...... #g# ########............
#'# #############


ggg .g... You could see a gnoll, an endoplasm and a goblin.

Vanquished Creatures
  3 gnolls
  3 bats (D:1)
  3 endoplasms (D:1)
  6 goblins
  5 hobgoblins
  2 kobolds
  2 quokkas (D:1)
  2 frilled lizards (D:1)
  4 rats (D:1)
30 creatures vanquished.

Notes
Turn   | Place    | Note
-------+----------+-------------------------------------------
     0 | D:1      | Amaryllis the Vine Stalker Reaver began the quest for the
                  | Orb.
     0 | D:1      | Reached XP level 1. HP: 11/11 MP: 4/4
     0 | D:1      | Upgraded the game from 0.30-a0-210-g01b79a254e to
                  | 0.32-a0-893-gf85d74f360
   230 | D:1      | Reached XP level 2. HP: 15/15 MP: 6/6
   695 | D:1      | Reached XP level 3. HP: 17/18 MP: 7/7
   877 | D:2      | Noticed Robin
   896 | D:2      | Reached XP level 4. HP: 16/23 MP: 7/9
   915 | D:2      | Mangled by a gnoll

Illustrated notes

Levels and vault maps discovered:
D:1:      ldierk_water_garden, layout_loops_cross
D:2:      layout_basic, basic_altar, uniq_robin

Skill      XL: |  1  2  3 |
---------------+----------+-----
Fighting       | 2 |  2.3
Short Blades   | 3 |  3.1
Dodging        | 2 |  2.1
Spellcasting   | |  2.7
Conjurations   | |  3.4

Action                     |  1- 3 |  4- 6 || total
---------------------------+-------+-------++-------
  Melee: Short sword       |    95 |       ||    95
         Bite              |    27 |     2 ||    29
         Dagger            |    14 |    10 ||    24
   Stab: Distracted        |     1 |       ||     1
 Armour: Leather armour    |    38 |     8 ||    46
  Dodge: Dodged            |    58 |     3 ||    61

Table legend: (Time is in decaauts)
 A = Elapsed time spent in this place.
 B = Non-inter-level travel time spent in this place.
 C = Inter-level travel time spent in this place.
 D = Time resting spent in this place.
 E = Time spent auto-exploring this place.
 F = Levels seen in this place.
 G = Mean time per level.
                   A        B        C        D        E       F      G
               +--------+--------+--------+--------+--------+-----+--------+
         Total |    890 |    871 |     19 |      0 |    492 |   2 |  445.0 |
       Dungeon |    890 |    871 |     19 |      0 |    492 |   2 |  445.0 |
               +--------+--------+--------+--------+--------+-----+--------+

Top non-repeatable levels by time:
     D:1: 808 daAuts
     D:2: 81 daAuts
